 Dungeon Crawl Stone Soup version 0.28-a0-938-gbc3f381ebc (webtiles) character file.

Game seed: 7640540254950630158

51 Gwenloh the Chiller (level 3, -2/24 HPs)
             Began as a Barachi Ice Elementalist on Nov 28, 2021.
             Slain by Grinder (4 damage)
             ... on level 3 of the Dungeon.
             The game lasted 00:07:10 (2336 turns).

Gwenloh the Chiller (Barachi Ice Elementalist)      Turns: 2336, Time: 00:07:11

Health: -2/24      AC:  3    Str:  9    XL:     3   Next: 81%
Magic:  2/7        EV: 12    Int: 16    God:
Gold:   155        SH:  0    Dex: 12    Spells: 0/7 levels left

rFire   . . .      SeeInvis .   b - +0 short sword
rCold   . . .      Faith    .   (no shield)
rNeg    . . .      Spirit   .   i - +0 robe
rPois   .          Reflect  .   (no helmet)
rElec   .          Harm     .   (no cloak)
rCorr   .          Rampage  .   e - +0 pair of gloves
Will    .....                   (no boots)
Stlth   ++........              (no amulet)
HPRegen 0.08/turn               (no ring)
MPRegen 0.10/turn               (no ring)

@: freezing walls, slow
A: amphibious, slowness 1, strong legs 1, +LOS
a: Hop


You were on level 3 of the Dungeon.
You visited 1 branch of the dungeon, and saw 3 of its levels.

You collected 155 gold pieces.

Inventory:

Hand Weapons
 a - a +0 hunting sling
 b - a +0 short sword (weapon)
 c - a +0 rapier
Missiles
 d - 35 stones (quivered)
Armour
 e - a +0 pair of gloves (worn)
 i - a +0 robe (worn)
Scrolls
 f - a scroll of enchant weapon
 g - 2 scrolls of vulnerability
 j - a scroll of immolation
 k - a scroll of amnesia
 l - a scroll of blinking {unknown}
Potions
 m - a potion of mutation {unknown}


   Skills:
 - Level 2.1 Dodging
 - Level 1.7 Stealth
 + Level 2.9 Spellcasting
 * Level 6.0 Ice Magic


You couldn't memorise any spells.
You knew the following spells:

 Your Spells              Type           Power      Damage    Failure   Level
a - Freeze                Ice            84%        1d10      1%          1
b - Frozen Ramparts       Ice            42%        1d6       4%          3
c - Ozocubu's Armour      Ice            21%        N/A       4%          3

Your spell library contained the following spells:

 Spells                   Type           Power      Damage    Failure   Level
 Hailstorm                Conj/Ice       12%        3d5       47%         4
 Animate Dead             Necr           1%         N/A       88%         4
 Haunt                    Necr/Summ      1%         N/A       100%        7
 Infestation              Necr           1%         N/A       100%        8


Dungeon Overview and Level Annotations

Branches:
Dungeon (3/15)

Altars:

Shops:
D:3 (

Annotations:
D:3 Grinder


Innate Abilities, Weirdness & Mutations

You are amphibious.
You cover ground slowly.
You can hop short distances.
You have an extended range of vision and can be seen from far away.


Message History

You start resting.
Grinder is nearby!
You shoot a stone. The stone barely misses Grinder.
The frozen ramparts melt away.
Grinder says, "There's only one good use for a tongue: cutting it out."
You shoot a stone. The stone closely misses Grinder.
Grinder gestures at you.
You suddenly lose the ability to move!
Grinder gestures at you. Pain shoots through your body! Grinder hits you.
You writhe in agony.
You can move again.
Casting: Frozen Ramparts (quite dangerous; 4% risk of failure)
Confirm with . or Enter, or press ? or * to list all spells.
The spell is quite dangerous to cast (4% risk of failure)!
Continue anyway?
Casting: Frozen Ramparts (quite dangerous; 4% risk of failure)
Press: ? - help, Dir - look around, f - activate A stone staircase leading up.
The walls around you are covered in ice.
Grinder completely resists.
The wall freezes Grinder but does no damage.
Grinder hits you.
You writhe in agony.
* * * LOW HITPOINT WARNING * * *
b - a +0 short sword (weapon)
Grinder completely resists.
The wall freezes Grinder but does no damage.
Grinder gestures at you. Pain shoots through your body!
* * * LOW HITPOINT WARNING * * *
You hit Grinder but do no damage.
Grinder is lightly wounded.
Grinder completely resists.
The wall freezes Grinder but does no damage.
Grinder hits you but does no damage.
You hit Grinder.
Grinder is lightly wounded.
Grinder completely resists.
The wall freezes Grinder but does no damage.
Grinder hits you.
You die...

#......#
#......#
......#
#.....#
##.....#
#...(.(######
#....(.......
#.##(#.......
#@5.(# ......
##.### ..5..
#....# ....
#...#### ...
#.. .. ... .
... .. .


You could see Grinder.

Vanquished Creatures
  2 worms (D:2)
  6 ball pythons
  4 endoplasms (D:1)
  2 giant cockroaches
  3 goblins (D:1)
  4 hobgoblins
  3 quokkas (D:1)
  5 bats
  6 frilled lizards
  3 kobolds
  6 rats
44 creatures vanquished.

Notes
Turn   | Place    | Note
-------+----------+-------------------------------------------
     0 | D:1      | Gwenloh the Barachi Ice Elementalist began the quest for
                  | the Orb.
     0 | D:1      | Reached XP level 1. HP: 13/13 MP: 3/3
   102 | D:1      | Reached skill level 5 in Ice Magic
   368 | D:1      | Reached XP level 2. HP: 19/19 MP: 3/5
   641 | D:1      | Found a faded altar of an unknown god.
  1014 | D:1      | Reached XP level 3. HP: 14/24 MP: 1/7
  1018 | D:1      | Learned a level 3 spell: Frozen Ramparts
  1022 | D:1      | Learned a level 3 spell: Ozocubu's Armour
  2037 | D:3      | Found Piokh's Antique Weapon Shoppe.
  2037 | D:3      | Noticed Grinder
  2045 | D:3      | Reached skill level 6 in Ice Magic
  2320 | D:3      | Paralysed by Grinder for 4 turns
  2329 | D:3      | Paralysed by Grinder for 4 turns
  2336 | D:3      | Slain by Grinder

Illustrated notes

Levels and vault maps discovered:
D:1:      dpeg_arrival_short_road, layout_loops_ring,
          nicolae_ecumenical_snake_handling, chequers_hall_statues_wall_a
D:2:      layout_basic
D:3:      layout_basic, mainiacjoe_overflow_cross_hatched, slow_altar_1,
          serial_shops, shop, nicolae_shop_statue_plus, nicolae_shop_trees,
          nicolae_shop_waterfront, shop, gup_sewer_entry_bowl,
          ebering_ghost_disaster_area, grunt_ministairs_2, uniq_terence,
          uniq_grinder

Skill      XL: |  1  2  3 |
---------------+----------+-----
Ice Magic      | 5 6 |  6.0
Dodging        | |  2.1
Stealth        | |  1.7
Spellcasting   | |  2.9

Action                   || total
-------------------------++-------
Melee: Short sword       ||     3
 Fire: Hunting sling     ||    32
Throw: Stone             ||     3
 Cast: Freeze            ||    39
       Frozen Ramparts   ||     7
       Ozocubu's Armour  ||     1
  Use: Scroll            ||     5
Armor: Robe              ||     9
Dodge: Dodged            ||     9

Table legend: (Time is in decaauts)
 A = Elapsed time spent in this place.
 B = Non-inter-level travel time spent in this place.
 C = Inter-level travel time spent in this place.
 D = Time resting spent in this place.
 E = Time spent auto-exploring this place.
 F = Levels seen in this place.
 G = Mean time per level.
                   A        B        C        D        E       F      G
               +--------+--------+--------+--------+--------+-----+--------+
         Total |   2563 |   2471 |     92 |    402 |   1670 |   3 |  854.3 |
       Dungeon |   2563 |   2471 |     92 |    402 |   1670 |   3 |  854.3 |
               +--------+--------+--------+--------+--------+-----+--------+

Top non-repeatable levels by time:
     D:1: 1400 daAuts
     D:2: 1117 daAuts
     D:3: 46 daAuts
